AoeStats
← Bubiny

QS Arena

503409407Analyzed
2v2 RM · 1mo ago on Aug 31, 2026· 45m 26s· 4 players
Game mode
Random Map
Map size
Medium (4 player)
Population
200
Speed
Normal
Resources
Standard
Victory
Conquest
Starting age
Dark Age
Ending age
Imperial Age
RankedLock teamsTeams togetherTeam positionsShared explorationLock speedFull tech treeHidden civsTurbo modeCheats
Victory
Defeat
🇹🇼 Hindustanis · Taiwan
964
+16
🇹🇼 Khmer · Taiwan
962
+16
🇪🇸 Huns · Spain
986
-17
🇪🇸 Magyars · Spain
923
-29
Bubiny
9:32 Feudal Age
10:05 Double-Bit Axe
10:02 Horse Collar
16:29 Bloodlines
19:44 Castle Age
21:16 Scale Barding Armor
32:36 Fletching
33:08 Chain Barding Armor
32:51 Padded Archer Armor
37:27 Bodkin Arrow
37:48 Leather Archer Armor
42:24 Imperial Age
39:41 Loom
40:37 Wheelbarrow
43:32 Cavalier
espartakus 0_o
1:10 Loom
7:48 Feudal Age
10:39 Town Watch
12:03 Wheelbarrow
12:06 Double-Bit Axe
12:09 Horse Collar
16:43 Bloodlines
19:49 Castle Age
18:26 Scale Barding Armor
18:13 Fletching
19:52 Pikeman
20:34 Squires
20:47 Husbandry
21:39 Scale Mail Armor
21:50 Forging
23:57 Gold Mining
23:57 Stone Mining
24:31 Bow Saw
26:55 Gold Shaft Mining
26:25 Heavy Plow
30:39 Marauders
32:47 Arson
32:25 Light Cavalry
33:38 Caravan
36:46 Iron Casting
36:26 Chain Mail Armor
36:32 Chain Barding Armor
36:08 Bodkin Arrow
39:38 Arson
43:33 Town Patrol
43:49 Hand Cart
chen
5:30 Loom
7:59 Feudal Age
8:35 Double-Bit Axe
16:44 Castle Age
16:15 Stone Mining
16:20 Gold Mining
18:01 Husbandry
18:00 Horse Collar
22:30 Bow Saw
26:57 Bloodlines
31:16 Imperial Age
31:03 Fletching
31:24 Forging
31:20 Scale Barding Armor
32:58 Double Crossbow
34:03 Ballistics
34:54 Wheelbarrow
35:23 Siege Engineers
37:09 Conscription
38:02 Heavy Scorpion
40:51 Chemistry
39:49 Bodkin Arrow
40:31 Iron Casting
40:01 Padded Archer Armor
Autumn
0:53 Loom
8:00 Feudal Age
8:40 Double-Bit Axe
14:20 Castle Age
12:21 Horse Collar
16:03 Bow Saw
17:14 Fervor
18:14 Forging
19:59 Wheelbarrow
27:20 Imperial Age
26:05 Iron Casting
25:36 Scale Barding Armor
26:47 Hand Cart
27:55 Chain Barding Armor
28:22 Conscription
29:03 Bloodlines
28:55 Husbandry
30:38 Blast Furnace
29:50 Gold Mining
29:43 Heavy Camel Rider
32:43 Grand Trunk Road
33:31 Heavy Plow
35:07 Imperial Camel Rider
37:45 Ballistics
38:28 Chemistry
37:48 Ballistics
39:17 Plate Barding Armor
39:00 Shatagni
39:46 Siege Engineers
42:04 Two-Man Saw
41:43 Gold Shaft Mining
41:00 Stone Mining
45:59 Stone Shaft Mining
Connection lost

Rejoining the realm…

Still unreachable

The connection could not be restored.

Session expired

The server has moved on; the page needs a fresh start.